 Dungeon Crawl Stone Soup version 0.19.0-11-g3fc08b3 (webtiles) character file.

6883 KarmaPolice the Quickloader (level 11, 0/77 HPs)
             Began as a Halfling Hunter on Nov 9, 2016.
             Was an Elder of Okawaru.
             Killed by static electricity
             ... invoked by Turgon's ghost
              (5 damage)
             ... on level 10 of the Dungeon.
             The game lasted 00:58:38 (19389 turns).

KarmaPolice the Quickloader (Halfling Hunter)      Turns: 19389, Time: 00:58:39

Health: 0/77       AC: 25    Str: 13    XL:     11   Next: 26%
Magic:  16/16      EV: 13    Int:  9    God:    Okawaru [****..]
Gold:   717        SH:  0    Dex: 19    Spells: 0 memorised, 10 levels left

rFire  + . .     SeeInvis .     d - +2 hand crossbow
rCold  . . .     Gourm    .     N - +2 chain mail {rF+}
rNeg   . . .     Faith    .     (shield restricted)
rPois  .         Spirit   .     c - +2 helmet
rElec  .         Reflect  .     u - +2 cloak
rCorr  .         Harm     .     L - +0 pair of gloves
MR     .....                    E - +1 pair of boots
Stlth  ..........               k - amulet of rage
                                (no ring)
                                (no ring)

@: heroism
A: mutation resistance 1
a: Heroism, Renounce Religion, Evoke Berserk Rage


You were on level 10 of the Dungeon.
You worshipped Okawaru.
Okawaru was greatly pleased with you.
You were not hungry.

You visited 3 branches of the dungeon, and saw 12 of its levels.

You collected 717 gold pieces.

Inventory:

Hand Weapons
 d - a +2 hand crossbow (weapon)
 i - a +0 rapier
Missiles
 J - 6 bolts (quivered)
Armour
 c - a +2 helmet (worn)
 u - a +2 cloak (worn)
 y - a cursed +0 robe
 E - a +1 pair of boots (worn)
 L - a +0 pair of gloves (worn)
 N - a +2 chain mail of fire resistance (worn)
Jewellery
 e - an uncursed amulet of the gourmand
 k - an amulet of rage (around neck)
 r - an uncursed ring of fire
Wands
 z - a wand of lightning (4/15)
 F - a wand of slowing (0/48)
 K - a wand of lightning (0/15)
 M - a wand of teleportation (0/9)
Scrolls
 b - 2 scrolls of fear
 g - a scroll of amnesia {unknown}
 h - a scroll of teleportation
 j - 5 scrolls of remove curse
 l - 2 scrolls of recharging
 p - a scroll of identify
 s - a scroll of magic mapping {unknown}
 t - a scroll of enchant weapon
 v - 3 scrolls of immolation
 w - a scroll of noise {unknown}
 x - 2 scrolls of random uselessness {unknown}
 G - a scroll of fog {unknown}
Potions
 n - 2 potions of flight
 q - a potion of haste
 B - a potion of ambrosia {unknown}
 D - a potion of cure mutation
 H - a potion of might {unknown}
Comestibles
 a - 6 beef jerkies
 f - 10 bread rations
 m - 3 meat rations
 o - 4 chunks of flesh


   Skills:
 + Level 7.8(12.8) Fighting
 - Level 6.0(11.0) Short Blades
 + Level 10.8(15.8) Crossbows
 + Level 6.4(11.4) Armour
 - Level 2.1(7.1) Dodging
 - Level 1.1(6.1) Stealth
 - Level 4.0 Invocations
 + Level 6.8 Evocations


You had 10 spell levels left.
You didn't know any spells.

Dungeon Overview and Level Annotations

Branches:
Dungeon (10/15)            Temple (1/1) D:5            Lair (1/6) D:8
    Orc: D:9-12

Altars:
Ashenzari
Cheibriados
Dithmenos
Elyvilon
Fedhas
Gozag
Hepliaklqana
Kikubaaqudgha
Makhleb
Nemelex Xobeh
Okawaru
Qazlal
Ru
Sif Muna
Trog
Uskayaw
Vehumet
Xom
Yredelemnul
Zin
The Shining One

Shops:
D:5 }   D:7 %

Annotations:
D:10 Turgon's ghost, novice HEAE


Innate Abilities, Weirdness & Mutations

You are small and have problems with some larger weapons.
You are somewhat resistant to further mutation.


Message History

You shoot a bolt. The bolt hits Turgon's ghost.
Turgon's ghost is almost destroyed.
Turgon's ghost casts a spell at you. The bolt of lightning hits you!
* * * LOW HITPOINT WARNING * * *
You are too injured to fight recklessly!
You are too injured to fight recklessly!
You are too injured to fight recklessly!
You are too injured to fight recklessly!
You are too injured to fight recklessly!
You are too injured to fight recklessly!
You are too injured to fight recklessly!
Okay, then.
Okay, then.
As you read the scroll labeled XEOPSU ECYEBU, it crumbles to dust.
It is a scroll of enchant armour.
Your +1 cloak glows green for a moment.
Turgon's ghost mumbles some strange words.
You are struck by lightning.
You die...

#.# .......... #.#
########W# #.# #K#
#.# #.# #.# #K# #.#
#(# #># ########.#
#.##########...÷)÷†(#
#...@W).)†.(.########
##############


You could see Turgon's ghost.

Vanquished Creatures
  Maurice (D:8)
  Psyche (D:8)
  A troll (D:9)
  A two-headed ogre (D:8)
  2 hippogriffs
  A wraith (D:10)
  A wyvern (D:9)
  3 yaks
  A hungry ghost (D:8)
  A water moccasin (D:7)
  An orc warrior (D:9)
  5 ice beasts
  A sky beast (D:7)
  A black bear (D:7)
  3 ogres
  2 phantoms (D:8)
  3 necrophages
  3 centaurs
  A big kobold (D:10)
  6 bullfrogs
  2 scorpions
  16 killer bees
  3 howler monkeys
  3 jellies
  2 crimson imps (D:5)
  A quasit (D:6)
  A centaur zombie (D:5)
  A gnoll shaman (D:7)
  6 hounds
  3 orc priests
  9 orc wizards
  A bullfrog skeleton (D:5)
  Ijyb (D:3)
  5 iguanas
  6 worker ants
  A killer bee zombie (D:6)
  A hound skeleton (D:5)
  A worker ant zombie (D:9)
  6 gnolls
  2 howler monkey skeletons
  12 adders
  A shadow imp (D:5)
  3 oozes
  An adder zombie (D:6)
  2 adder skeletons (D:4)
  A worm (D:2)
  5 dart slugs
  9 leopard geckos
  30 orcs
  2 ball pythons
  8 bats
  8 giant cockroaches
  10 goblins
  5 hobgoblins
  16 jackals
  10 kobolds
  2 quokkas
  10 frilled lizards
  A jackal skeleton (D:4)
  A quokka skeleton (D:5)
  A quokka zombie (D:5)
  12 rats
260 creatures vanquished.

Vanquished Creatures (others)
  An ogre (D:8)
  A kobold (D:10)
2 creatures vanquished.

Grand Total: 262 creatures vanquished

Notes
Turn   | Place    | Note
-------+----------+-------------------------------------------
     0 | D:1      | KarmaPolice the Halfling Hunter began the quest for the Orb.
     0 | D:1      | Reached XP level 1. HP: 14/14 MP: 1/1
    72 | D:1      | Reached XP level 2. HP: 19/19 MP: 2/2
    91 | D:1      | Reached skill level 1 in Short Blades
   280 | D:1      | Reached XP level 3. HP: 18/24 MP: 3/3
   323 | D:1      | Reached skill level 5 in Crossbows
  1245 | D:2      | Reached XP level 4. HP: 29/29 MP: 4/4
  2100 | D:3      | Noticed Ijyb
  2117 | D:3      | Killed Ijyb
  2117 | D:3      | Reached XP level 5. HP: 28/35 MP: 5/5
  3078 | D:2      | Reached skill level 6 in Crossbows
  3823 | D:3      | Reached XP level 6. HP: 36/41 MP: 6/6
  3872 | D:3      | Found a shimmering altar of Xom.
  4036 | D:5      | Entered Level 5 of the Dungeon
  4036 | D:5      | Found a hide-covered altar of Uskayaw.
  4360 | D:4      | Noticed a slave
  4962 | D:5      | Reached XP level 7. HP: 46/46 MP: 7/7
  5002 | D:5      | Reached skill level 7 in Crossbows
  5237 | D:5      | Reached skill level 1 in Armour
  5777 | D:5      | Found a staircase to the Ecumenical Temple.
  5783 | Temple   | Entered the Ecumenical Temple
  6281 | D:5      | Reached XP level 8. HP: 50/54 MP: 8/8
  6293 | D:5      | Found Byutuzat's Gadget Shoppe.
  6904 | D:5      | HP: 1/54 [gnoll sergeant/vampiric trident (10)]
  7532 | D:6      | Reached skill level 5 in Short Blades
  8287 | D:6      | Reached skill level 8 in Crossbows
  9361 | D:7      | Found a glowing golden altar of the Shining One.
  9412 | D:7      | Found an iron altar of Okawaru.
  9418 | D:7      | Found an ancient bone altar of Kikubaaqudgha.
  9771 | D:7      | Reached XP level 9. HP: 51/60 MP: 9/9
  9982 | D:7      | Reached skill level 1 in Evocations
 10486 | D:7      | Found a deep blue altar of Sif Muna.
 10490 | D:7      | Became a worshipper of Warmaster Okawaru
 10738 | D:7      | Reached skill level 5 in Fighting
 12181 | D:7      | Found Lonnod's Food Emporium.
 12210 | D:7      | Reached skill level 9 in Crossbows
 12321 | D:8      | Noticed a purple ugly thing
 13152 | D:8      | Reached * piety under Okawaru
 13314 | D:8      | Noticed Psyche
 13757 | D:8      | Reached skill level 1 in Invocations
 14070 | D:8      | Found a staircase to the Lair.
 14105 | D:8      | Noticed Maurice
 14686 | D:9      | Noticed a troll
 14713 | D:8      | Killed Psyche
 14713 | D:8      | Reached XP level 10. HP: 68/68 MP: 13/13
 15550 | D:8      | Reached ** piety under Okawaru
 15689 | D:8      | Killed Maurice
 15689 | D:8      | Reached skill level 5 in Evocations
 16770 | D:10     | Entered Level 10 of the Dungeon
 16951 | D:8      | Reached skill level 5 in Armour
 17040 | D:9      | Reached *** piety under Okawaru
 17040 | D:9      | Reached skill level 10 in Crossbows
 17145 | Lair:1   | Entered Level 1 of the Lair of Beasts
 17969 | D:9      | Reached XP level 11. HP: 35/75 MP: 12/15
 18678 | D:9      | Reached **** piety under Okawaru
 19121 | D:10     | Received a gift from Okawaru
 19334 | D:10     | Noticed Turgon's ghost (novice HEAE)
 19389 | D:10     | Killed from afar by Turgon's ghost

Skill      XL: |  1  2  3  4  5  6  7  8  9 10 11 |
---------------+----------------------------------+-----
Short Blades   | 1 2 3 4 5 6 |  6.0
Crossbows      | 5 6 7 8 9 10 | 10.8
Fighting       | 2 3 4 6 7 |  7.8
Armour         | 2 4 5 6 |  6.4
Evocations     | 4 6 |  6.8
Invocations    | 2 4 |  4.0
Dodging        | |  2.1
Stealth        | |  1.1

Action                   |  1- 3 |  4- 6 |  7- 9 | 10-12 || total
-------------------------+-------+-------+-------+-------++-------
Melee: Short sword       |   134 |   376 |   841 |   131 ||  1482
       Rapier            |       |       |       |   498 ||   498
       Punch             |       |       |       |     4 ||     4
 Fire: Hand crossbow     |    13 |    40 |   110 |    49 ||   212
Invok: Heroism           |       |       |       |     7 ||     7
 Abil: Evoke Berserk Rag |       |       |     3 |     4 ||     7
Evoke: Wand              |       |       |    11 |     4 ||    15
  Use: Scroll            |       |     3 |    11 |     3 ||    17
       Potion            |       |       |     8 |       ||     8
 Stab: Distracted        |     1 |       |       |       ||     1
       Sleeping          |       |     2 |     2 |       ||     4
  Eat: Chunk             |     1 |    11 |    42 |     4 ||    58
       Beef jerky        |       |       |     1 |       ||     1
       Royal jelly       |       |       |     1 |       ||     1
       Pizza             |       |       |       |     6 ||     6
       Meat ration       |       |       |       |     2 ||     2
Armor: Leather armour    |    36 |    76 |   137 |       ||   249
       Chain mail        |       |       |   288 |   441 ||   729
Dodge: Dodged            |   116 |   257 |   503 |   292 ||  1168
